 Dungeon Crawl Stone Soup version 0.27.1-3-gb3d3a73c9e (webtiles) character file.

Game seed: 305943190082825463

136 cdecastro the Grave Robber (level 4, -4/30 HPs)
             Began as a Demonspawn Necromancer on Oct 15, 2021.
             Slain by a scorpion (8 damage)
             ... on level 3 of the Dungeon.
             The game lasted 00:06:07 (3938 turns).

cdecastro the Grave Robber (Demonspawn Necromancer) Turns: 3938, Time: 00:06:11

Health: -4/30      AC:  2    Str:  9    XL:     4   Next: 98%
Magic:  4/7        EV: 12    Int: 16    God:
Gold:   215        SH:  0    Dex: 14    Spells: 2/7 levels left

rFire    . . .     SeeInvis .   e - +0 dagger
rCold    . . .     Faith    .   (no shield)
rNeg     . . .     Spirit   .   a - +0 robe
rPois    .         Reflect  .   (helmet restricted)
rElec    .         Harm     .   (no cloak)
rCorr    .         Rampage  .   (no gloves)
Will     .....                  (no boots)
Stlth    +.........             (no amulet)
HPRegen  0.10/turn              (no ring)
MPRegen  0.10/turn              (no ring)

@: confused, lethally poisoned (-4 -> -17), ambrosia-drunk, attractive
A: horns 1, powered by pain 1
a: no special abilities


You were on level 3 of the Dungeon.
You visited 1 branch of the dungeon, and saw 3 of its levels.

You collected 215 gold pieces.

Inventory:

Hand Weapons
 c - a +0 club
 e - a +0 dagger (weapon)
Missiles
 f - 24 sling bullets
 h - 124 stones
 q - 7 poisoned darts
Armour
 a - a +0 robe (worn)
 g - a +0 ring mail
Magical Staves
 l - a staff of fire
Scrolls
 j - a scroll of immolation {unknown}
 m - a scroll of teleportation {unknown}
 n - a scroll of vulnerability {unknown}
 o - a scroll of fear {unknown}
 r - a scroll of identify {unknown}
Potions
 d - a potion of cancellation
 i - a potion of invisibility {unknown}
 k - a potion of attraction
 p - a potion of degeneration {unknown}


   Skills:
 - Level 1.7 Dodging
 - Level 1.7 Stealth
 - Level 2.0 Spellcasting
 + Level 7.0 Necromancy


You had 2 spell levels left.
You knew the following spells:

 Your Spells              Type           Power      Damage    Failure   Level
a - Pain                  Necr           96%        1d8       1%          1
b - Animate Skeleton      Necr           48%        N/A       1%          1
c - Vampiric Draining     Necr           12%        2d7       3%          3

Your spell library contained the following spells:

 Spells                   Type           Power      Damage    Failure   Level
 Animate Dead             Necr           12%        N/A       12%         4
 Agony                    Necr           24%        N/A       32%         5
 Conjure Ball Lightning   Conj/Air       0%         3x3d6     100%        6
 Discord                  Hex            0%         N/A       100%        8
 Disjunction              Tloc           0%         N/A       100%        8


Dungeon Overview and Level Annotations

Branches:
Dungeon (3/15)

Altars:


Innate Abilities, Weirdness & Mutations

You have a pair of small horns on your head.
You sometimes gain a little power by taking damage.


Message History

Casting: Pain (safe; 1% risk of failure)
Confirm with . or Enter, or press ? or * to list all spells.
Aiming: Pain (safe; 1% risk of failure)
Press: ? - help, Shift-Dir - straight line, f/p - scorpion
Aim: a scorpion (moderately wounded, chance to affect: 83%)
The scorpion writhes in agony.
The scorpion closely misses you. The scorpion stings you!
* * * LOW HITPOINT WARNING * * *
You focus on the pain.
You feel very mighty all of a sudden.
You are poisoned.
The scorpion poisons you!
Okay, then.
Unknown command.
Press: ? - help, v - describe, . - travel
Here: a scorpion (severely wounded)
The floor.
It was a potion of cancellation.
Your magical effects are unravelling.
You feel magically purged.
You feel a little less mighty now.
* * * LOW HITPOINT WARNING * * *
You feel very sick. The scorpion stings you.
* * * LOW HITPOINT WARNING * * *
You are lethally poisoned!
The scorpion poisons you!
It was a potion of attraction.
You feel attractive to monsters.
* * * LOW HITPOINT WARNING * * *
You feel very sick. The scorpion barely misses you.
Unknown command.
It was a potion of ambrosia.
You are confused.
You feel invigorated.
* * * LOW HITPOINT WARNING * * *
You feel very sick. The scorpion stings you!
You die...

#........# #........#
###........#
#..........#
#..........#
#......)..#
#....s.<..## ..#
#...@....... ..# ######
#######'#############.#
......
.............†.>....#.#
......
..###.###...........#.#
...... #.
#...........#.# ......
# #..........##.##
...... ##+#...#+#......
##### #.#.# ##.#.##
....# #.#......#.##


You could see a scorpion.

Vanquished Creatures
  Jessica (D:2)
  Robin (D:2)
  4 adders
  A worm (D:3)
  2 dart slugs (D:3)
  6 ball pythons
  4 bats
  5 endoplasms
  3 giant cockroaches
  11 goblins
  8 hobgoblins
  4 kobolds
  A quokka (D:3)
  2 frilled lizards
  3 rats
56 creatures vanquished.

Vanquished Creatures (others)
  6 demonic plants (D:2)
  3 fungi (D:2)
  12 plants (D:2)
  2 withered plants (D:2)
23 creatures vanquished.

Grand Total: 79 creatures vanquished

Notes
Turn   | Place    | Note
-------+----------+-------------------------------------------
     0 | D:1      | cdecastro the Demonspawn Necromancer began the quest for
                  | the Orb.
     0 | D:1      | Reached XP level 1. HP: 13/13 MP: 3/3
   566 | D:1      | Gained mutation: You sometimes gain a little power by
                  | taking damage. [demonic ancestry]
   566 | D:1      | Reached XP level 2. HP: 15/19 MP: 0/5
   636 | D:1      | Reached skill level 5 in Necromancy
  1524 | D:2      | Gained mutation: You have a pair of small horns on your
                  | head. [demonic ancestry]
  1524 | D:2      | Reached XP level 3. HP: 15/24 MP: 0/6
  1769 | D:2      | Learned a level 1 spell: Animate Skeleton
  1773 | D:2      | Learned a level 3 spell: Vampiric Draining
  2036 | D:2      | Noticed Jessica
  2038 | D:2      | Killed Jessica
  2039 | D:2      | Reached skill level 6 in Necromancy
  2056 | D:2      | Noticed Robin
  2173 | D:2      | Reached XP level 4. HP: 27/30 MP: 4/7
  2189 | D:2      | Killed Robin
  2645 | D:2      | Found a faded altar of an unknown god.
  3929 | D:3      | Noticed a scorpion
  3930 | D:3      | Reached skill level 7 in Necromancy
  3938 | D:3      | Slain by a scorpion

Illustrated notes

Levels and vault maps discovered:
D:1:      dpeg_arrival_arbitrary_c, layout_loops_ring, serial_forest,
          infiniplex_forest_lined_1, infiniplex_forest_clump_small,
          infiniplex_forest_straight_5, infiniplex_forest_join,
          infiniplex_forest_zigzag_1, infiniplex_forest_end_3,
          infiniplex_forest_lined_room_2
D:2:      layout_basic, shapermc_ecumenical_altar_gd, guppyfry_early_lair_pool,
          uniq_jessica, uniq_robin
D:3:      layout_basic, okawaru_ov_weapons_minmay, saegor_snake_ambush

Skill      XL: |  1  2  3  4 |
---------------+-------------+-----
Necromancy     | 5 6 7 |  7.0
Dodging        | |  1.7
Stealth        | |  1.7
Spellcasting   | |  2.0

Action                   |  1- 3 |  4- 6 || total
-------------------------+-------+-------++-------
Melee: Unarmed           |    13 |       ||    13
       Dagger            |    13 |    13 ||    26
       Headbutt          |     1 |     2 ||     3
 Cast: Pain              |    52 |    59 ||   111
  Use: Potion            |       |     3 ||     3
Armor: Robe              |     8 |       ||     8
Dodge: Dodged            |    22 |    15 ||    37
